 Dungeon Crawl Stone Soup version 0.28.0-45-g0d030f2227 (webtiles) character file.

Game seed: 4173085422375398604

34 Descartes the Grasshopper (level 3, -1/16 HPs)
             Began as a Felid Warper on Apr 7, 2022.
             Succumbed to an adder's poison
             ... on level 2 of the Dungeon.
             The game lasted 00:02:44 (1465 turns).

Descartes the Grasshopper (Felid Warper)            Turns: 1465, Time: 00:02:44

Health: -1/16      AC:  1    Str:  7    XL:     3   Next: 14%
Magic:  7/7        EV: 18    Int: 14    God:
Gold:   69         SH:  0    Dex: 17    Spells: 6/6 levels left
                                        Lives:  0   Deaths: 0

rFire   . . .      SeeInvis +     - Unarmed
rCold   . . .      Faith    .   (shield unavailable)
rNeg    . . .      Spirit   .   (armour unavailable)
rPois   .          Reflect  .   (helmet unavailable)
rElec   .          Harm     .   (cloak unavailable)
rCorr   .          Rampage  .   (gloves unavailable)
Will    +....                   (boots unavailable)
Stlth   ++........              b - amulet of the acrobat
HPRegen 0.05/turn               a - ring of willpower
MPRegen 0.10/turn               (no ring)

@: lethally poisoned (-1 -> -7), quick
A: very small, claws 1, fangs 3, see invisible, speed 1, shaggy fur 1, stealthy
paws, no weapons or thrown items, no armour, multi-lived
a: no special abilities


You were on level 2 of the Dungeon.
You visited 1 branch of the dungeon, and saw 2 of its levels.

You collected 69 gold pieces.

Inventory:

Jewellery
 a - a ring of willpower (left paw)
 b - an amulet of the acrobat (around neck)
Scrolls
 c - a scroll of noise {unknown}
 d - a scroll of torment {unknown}
 f - 2 scrolls of identify {unknown}
Potions
 e - a potion of resistance {unknown}


   Skills:
 + Level 2.4 Fighting
 + Level 3.6 Dodging
 + Level 2.3 Unarmed Combat
 + Level 2.3 Spellcasting
 + Level 4.8 Translocations


You had 6 spell levels left.
You didn't know any spells.
Your spell library contained the following spells:

 Spells                   Type           Power      Damage    Failure   Level
 Blink                    Tloc           30%        N/A       4%          2
 Gell's Gravitas          Tloc           15%        N/A       10%         3
 Lesser Beckoning         Tloc           15%        N/A       10%         3
 Teleport Other           Tloc           15%        N/A       10%         3
 Manifold Assault         Tloc           15%        N/A       65%         5


Dungeon Overview and Level Annotations

Branches:
Dungeon (2/15)

Altars:

Shops:
D:1 !?*!!


Innate Abilities, Weirdness & Mutations

You have sharp claws.
You have razor-sharp teeth.
You have supernaturally acute eyesight. (SInv)
You cover ground quickly. (Speed+)
You are covered in fur. (AC +1)
Your paws help you pounce on unaware monsters.
You are incapable of wielding weapons or throwing items.
You cannot wear armour.
You gain extra lives every three experience levels.


Message History

You kill the hobgoblin!
No target in view!
No target in view!
No target in view!
No target in view!
No target in view!
No target in view!
No target in view!
No target in view!
No target in view!
You see here a hobgoblin corpse.
An adder comes into view.
Found a stone staircase leading down.
The adder hisses angrily.
Found an escape hatch in the ceiling.
The adder completely misses you.
You miss the adder. The adder misses you.
You closely miss the adder. The adder closely misses you.
You scratch the adder.
The adder is lightly wounded.
The adder misses you.
You scratch the adder.
The adder is moderately wounded.
The adder bites you.
You are poisoned.
The adder poisons you! The adder bites you.
You are more poisoned.
The adder poisons you!
You closely miss the adder.
The adder is lightly wounded.
* * * LOW HITPOINT WARNING * * *
You feel very sick. The adder misses you.
You closely miss the adder. Your bite misses the adder.
The adder is lightly wounded.
* * * LOW HITPOINT WARNING * * *
You feel sick. The adder bites you.
* * * LOW HITPOINT WARNING * * *
You closely miss the adder.
The adder is lightly wounded.
You die...

#.#... #.#.. #.... .....
#.#.# # #.#.# .#
#.#.######## ..#
####.#........####...##.
.......######.#.@S......
##.###.######.#......>..
# #.#
#.................. #
#.###.######.####...##<
# #.....# #.# ..... #
####### #.. ...... #
#..# ##### # #... #
...## #


You could see an adder.

Vanquished Creatures
  2 dart slugs
  2 endoplasms
  A giant cockroach (D:2)
  A goblin (D:1)
  4 hobgoblins
  5 kobolds
  2 quokkas
  A ball python (D:2)
  5 bats
  2 frilled lizards (D:1)
  3 rats (D:1)
28 creatures vanquished.

Vanquished Creatures (others)
  A kobold (D:1)
1 creature vanquished.

Grand Total: 29 creatures vanquished

Notes
Turn   | Place    | Note
-------+----------+-------------------------------------------
     0 | D:1      | Descartes the Felid Warper began the quest for the Orb.
     0 | D:1      | Reached XP level 1. HP: 9/9 MP: 4/4
   178 | D:1      | Found Jyixtaw's Magic Scroll Shoppe.
   236 | D:1      | Reached XP level 2. HP: 11/13 MP: 6/6
   297 | D:1      | Found Pesor's Distillery.
   351 | D:1      | Found Fecom's Distillery.
   414 | D:1      | Found Yxecleutsi's General Store.
   445 | D:1      | Found Munu's Distillery.
   954 | D:2      | Found a faded altar of an unknown god.
  1256 | D:2      | Reached XP level 3. HP: 16/16 MP: 7/7
  1465 | D:2      | Succumbed to an adder's poison

Illustrated notes

Levels and vault maps discovered:
D:1:      shiori_arrival_oz, layout_rooms, serial_shops, shop,
          nicolae_shop_crystal, shop_statue, shop, shop, kennysheep_another_room
D:2:      layout_loops_ring, nicolae_ecumenical_pavilion, serial_shops,
          nicolae_shop_stone

Action                   || total
-------------------------++-------
Melee: Unarmed           ||    88
       Bite              ||     5
       Punch             ||     2
 Stab: Sleeping          ||     2
Armor: Skin              ||     9
Dodge: Dodged            ||    60
